Map: [ESL] Gresvan

Players

Firefly

  • Race: Protoss Protoss
  • Spawn Location: 11:00

Oliveira - Winner!

  • Race: Terran Terran
  • Spawn Location: 5:00

Event: ESL SC2 Masters 2023 Summer (Regionals)

VOD

Have the link to the VOD?

Description

Time

  • Played on: May 6, 2023, 7:49 a.m.
  • Length: 7:52

All games in this series

Show
View Real Time Build Order
Export as new Build Order

Firefly Protoss 

Build Orders: 1 Gate Expand, Blink Stalkers 

Get SALT Encoding   

  12  0:00  Probe  
  13  0:12  Probe  
  14  0:17  Pylon  
  14  0:24  Probe  
  15  0:35  Gateway  
  15  0:38  Probe (Chrono Boost)  
  16  0:48  Probe (Chrono Boost), Assimilator  
  17  0:53  Probe (Chrono Boost)  
  18  1:06  Probe  
  19  1:19  Probe  
  19  1:25  Cybernetics Core  
  20  1:34  Nexus  
  20  1:42  Probe  
  20  1:43  Pylon  
  21  1:53  Assimilator  
  21  1:55  Probe  
  21  1:59  Adept (Chrono Boost)  
  22  2:02  Warp Gate  
  22  2:07  Probe (Chrono Boost)  
  26  2:16  Probe (Chrono Boost)  
  26  2:21  Probe (Chrono Boost), Stalker  
  29  2:32  Pylon  
  29  2:33  Probe  
  30  2:40  Twilight Council  
  30  2:46  Probe (Chrono Boost)  
  30  2:51  Probe (Chrono Boost), Stalker  
  32  2:55  Probe (Chrono Boost)  
  36  2:59  Probe (Chrono Boost)  
  36  3:00  Probe (Chrono Boost)  
  37  3:12  Probe (Chrono Boost)  
  39  3:14  Probe (Chrono Boost)  
  39  3:21  Probe (Chrono Boost), Stalker  
  39  3:23  Probe (Chrono Boost)  
  39  3:25  Blink (Chrono Boost)  
  39  3:26  Probe  
  43  3:34  Probe  
  45  3:38  Probe  
  45  3:39  Gateway  
  46  3:42  Robotics Facility  
  47  3:49  Pylon  
  46  3:56  Shield Battery  
  46  3:59  Gateway  
  46  4:03  Stalker  
  46  4:04  Probe  
  46  4:05  Probe  
  50  4:11  Shield Battery  
  50  4:16  Probe  
  51  4:21  Gateway  
  51  4:22  Gateway  
  49  4:24  Gateway  
  49  4:29  Probe x2, Observer (Chrono Boost), Assimilator  
  49  4:31  Stalker  
  54  4:37  Pylon, Stalker  
  56  4:43  Warp Prism (Chrono Boost)  
  57  4:55  Stalker x2  
  60  5:02  Pylon  
  60  5:04  Stalker  
  62  5:09  Observer (Chrono Boost)  
  63  5:15  Pylon  
  63  5:18  Stalker  
  65  5:22  Stalker x2  
  65  5:27  Zealot, Stalker  
  73  5:31  Zealot  
  57  6:01  Stalker x5  
  57  6:02  Zealot  
  44  6:27  Stalker  
  44  6:29  Zealot x3, Stalker x2  
  44  6:30  Probe  
  44  6:32  Probe  
  40  6:51  Zealot x2, Stalker x2  
  48  6:58  Zealot, Stalker  
  52  7:05  Warp Prism (Chrono Boost)  
  54  7:14  Stalker  
  56  7:18  Stalker  
  58  7:23  Stalker  
  60  7:31  Stalker  
Show
View Real Time Build Order
Export as new Build Order

Oliveira Terran - Winner!

Build Orders: Banshee Rush 

Get SALT Encoding   

  12  0:00  SCV  
  13  0:12  SCV  
  14  0:17  Supply Depot  
  14  0:24  SCV  
  15  0:38  SCV  
  15  0:41  Barracks  
  16  0:44  Refinery  
  16  0:50  SCV  
  16  0:54  Refinery  
  17  1:03  SCV  
  18  1:15  SCV  
  19  1:28  Orbital Command, Reaper  
  20  1:34  Supply Depot  
  20  1:43  Factory  
  20  1:53  SCV  
  21  2:00  Reaper  
  22  2:05  SCV  
  23  2:18  SCV  
  24  2:23  Command Center  
  24  2:30  Hellion  
  24  2:31  SCV  
  27  2:38  Starport  
  27  2:42  Supply Depot  
  27  2:45  SCV  
  27  2:49  Barracks Tech Lab  
  28  2:54  Hellion  
  28  2:57  SCV  
  31  3:09  SCV  
  32  3:17  Barracks Reactor  
  32  3:19  Banshee  
  32  3:22  Cloaking Field, SCV  
  36  3:28  Factory Tech Lab  
  36  3:31  Refinery  
  37  3:34  SCV  
  37  3:35  Orbital Command  
  37  3:46  SCV  
  38  3:50  Siege Tank  
  38  3:54  Marine x2  
  43  3:58  SCV  
  43  4:01  SCV  
  45  4:04  Supply Depot  
  45  4:06  Banshee  
  48  4:12  SCV  
  48  4:13  Marine  
  48  4:15  SCV  
  51  4:19  Supply Depot  
  51  4:24  SCV  
  52  4:25  Siege Tank  
  52  4:27  SCV  
  52  4:28  Marine  
  52  4:31  Marine  
  58  4:36  SCV  
  59  4:39  SCV  
  59  4:42  Supply Depot  
  60  4:46  Marine  
  60  4:48  Marine  
  60  4:49  Raven  
  60  4:52  SCV  
  65  4:57  SCV  
  65  4:58  Siege Tank  
  69  5:01  Bunker  
  69  5:04  Marine, SCV  
  69  5:06  Barracks  
  71  5:10  Barracks  
  71  5:12  Marine  
  71  5:13  SCV  
  73  5:16  SCV  
  73  5:20  Supply Depot  
  74  5:22  Marine  
  74  5:27  Bunker  
  75  5:29  Banshee  
  78  5:40  SCV  
  78  5:41  Marine, Siege Tank, SCV  
  83  5:44  Supply Depot  
  80  5:50  Marine  
  80  5:55  Barracks Tech Lab  
  80  5:56  SCV  
  73  5:57  SCV  
  73  6:02  Marine  
  66  6:08  Marine  
  59  6:15  Siege Tank  
  60  6:19  Marine  
  60  6:23  Marine  
  61  6:26  SCV x2  
  62  6:34  Marine  
  62  6:38  SCV x2  
  58  6:46  Marine  
  60  6:47  Marauder  
  60  6:50  SCV  
  60  6:52  Marine  
  60  6:54  SCV  
  59  6:58  Factory Reactor  
  59  7:00  Refinery  
  59  7:01  Engineering Bay, Starport Reactor  
  59  7:03  SCV  
  59  7:04  Marauder  
  59  7:07  SCV  
  65  7:08  Marauder  
  65  7:10  Marine x2  
  65  7:15  Command Center  
  67  7:20  SCV x2  
  69  7:26  Marauder  
  73  7:30  Marauder  
  73  7:31  Marine x2, Supply Depot  
  73  7:32  SCV x2  
Tags
 
Add a new tag
Caveats
  • Supply blocks, unpowered buildings, or Contaminate may cause inaccurate times.
  • Supply counts are checked every 10 seconds.